 Dungeon Crawl Stone Soup version 0.30.0-29-ga12c61a403 (webtiles) character file.

Game seed: 5141674765312336109

935 Sabo the Chopper (level 7, -7/55 HPs)
             Began as a Demonspawn Monk on June 19, 2023.
             Mangled by Duvessa
             ... wielding a +1 rapier of electrocution
              (15 damage)
             ... on level 4 of the Dungeon.
             The game lasted 00:25:59 (6023 turns).

Sabo the Chopper (Demonspawn Monk)                  Turns: 6023, Time: 00:25:59

Health: -7/55      AC:  0    Str: 13    XL:     7   Next: 87%
Magic:  7/7        EV: 22    Int: 15    God:
Gold:   242        SH:  0    Dex: 21    Spells: 6/6 levels left

rFire   . . .        f - melded +3 flail (venom)
rCold   . . .        d - melded orb {light}
rNeg    . . .        w - melded +0 chain mail
rPois   .            (helmet currently unavailable)
rElec   .            (cloak currently unavailable)
rCorr   .            g - melded +0 pair of gloves
SInv    .            y - melded +1 pair of boots
Will    .....        (no amulet)
Stlth   ++           c - melded +4 ring of protection
HPRegen 0.29/turn    q - melded ring of positive energy
MPRegen 0.20/turn

%: no passive effects
@: bat-form, flying, very quick
A: fast, flying, no casting, tiny, demonic guardian 2, magic regeneration, big
brain 2
a: no special abilities


You were on level 4 of the Dungeon.
You were a bat.
You visited 1 branch of the dungeon, and saw 5 of its levels.
You also visited: Ossuary.

You collected 242 gold pieces.

Inventory:

Hand Weapons
 a - a +0 hand axe
 f - a +3 flail of venom (melded)
 v - a +0 battleaxe
 E - the +4 dagger of Quocziass {chaos, Stlth+}
   (You found it on level 3 of the Dungeon)

   Stlth:     It makes you more stealthy.
Missiles
 m - 8 boomerangs (quivered)
Armour
 d - an orb of light (melded)
 g - a +0 pair of gloves (melded)
 w - a +0 chain mail (melded)
 y - a +1 pair of boots (melded)
Jewellery
 c - a +4 ring of protection (melded)
 q - a ring of positive energy (melded)
Scrolls
 b - a scroll of poison
 i - a scroll of blinking
 k - a scroll of brand weapon
 l - a scroll of fear
 o - 3 scrolls of teleportation
 r - a scroll of fog
 s - a scroll of enchant weapon
 z - a scroll of immolation {unknown}
 C - a scroll of butterflies {unknown}
 D - a scroll of magic mapping
Potions
 e - a potion of brilliance {unknown}
 h - a potion of cancellation {unknown}
 j - 4 potions of curing
 n - a potion of might {unknown}
 p - 4 potions of ambrosia
 t - 2 potions of heal wounds {unknown}
 x - 2 potions of mutation {unknown}
 A - 3 potions of degeneration {unknown}
 B - a potion of flight {unknown}


   Skills:
 + Level 4.7 Fighting
 + Level 6.5 Axes
 + Level 3.0 Armour
 + Level 3.9 Dodging
 + Level 1.0 Stealth


You had 6 spell levels left.
You didn't know any spells.
Your spell library contained the following spells:

 Spells                   Type           Power      Damage    Failure   Level
 Magic Dart               Conj           0%         1d3       26%         1
 Call Imp                 Summ           0%         N/A       38%         2
 Mephitic Cloud           Conj/Pois/Air  0%         N/A       63%         3


Dungeon Overview and Level Annotations

Branches:
Dungeon (5/15)            Ossuary (visited)
 Temple: D:4-7

Altars:

Annotations:
D:4 Duvessa, Edmund, Menkaure


Innate Abilities, Weirdness & Mutations

You are a bat.
You are tiny and dextrous.
You move quickly.
You are flying.
Your equipment is almost entirely melded.
You are incapable of wielding weapons or throwing items.
You cannot cast spells.
A demonic guardian rushes to your aid.
You regenerate magic rapidly.
You have an extremely huge brain. (Int +4)


Message History

You hit Dowan.
Dowan is moderately wounded.
You hit Dowan but do no damage.
Dowan is heavily wounded.
Duvessa hits you with a +1 rapier of electrocution!
Dowan completely misses you.
You closely miss Dowan.
Dowan is heavily wounded.
Duvessa completely misses you. Dowan misses you.
You hit Dowan.
Dowan is severely wounded.
Duvessa hits you with a +1 rapier of electrocution!
Dowan completely misses you.
You hit Dowan.
Dowan is severely wounded.
Duvessa misses you. Dowan closely misses you.
You closely miss Dowan.
Dowan is severely wounded.
Duvessa closely misses you.
Dowan points at you and mumbles some strange words.
The puff of flame misses you.
You hit Dowan.
Dowan is almost dead.
Duvessa completely misses you. Dowan completely misses you.
You hit Dowan.
You kill Dowan!
Duvessa screams in rage.
Duvessa goes berserk!
Duvessa misses you.
Your Armour skill increases to level 3!
Duvessa hits you with a +1 rapier of electrocution!!
* * * LOW HITPOINT WARNING * * *
A demonic guardian appears!
Items here: ) / [ †.
Unknown command.
You feel better. Duvessa misses you.
Duvessa hits you with a +1 rapier of electrocution!
* * * LOW HITPOINT WARNING * * *
You hit Duvessa but do no damage.
Your rust devil barely misses Duvessa.
Duvessa hits you with a +1 rapier of electrocution!
You die...

### #.# #.# #.# #.#########
#.eb.........# #4##########.#
######## #.##########.# .......##
#.....^...##.#
##.###..##############.##.# #.#
##..........#.....##.#
##.####.#.####.#.#.######.#######
...(....................<........
##.#.##.#...##.#...######.#######


You could see Duvessa (berserk, ally target) and a friendly rust devil
(summoned).

Vanquished Creatures
  A black bear (D:5)
  3 elf skeletons (D:5)
  2 scorpions
  Dowan (D:4)
  A human zombie (Ossuary)
  2 orc priests (D:4)
  2 sleepcaps (D:5)
  Natasha (twice) (D:2)
  An iguana (D:4)
  A human skeleton (D:5)
  2 orc wizards
  3 mummies (Ossuary)
  4 adders
  2 adder zombies (Ossuary)
  A worm (D:3)
  2 dart slugs
  11 orcs
  5 ball pythons
  6 endoplasms
  5 giant cockroaches
  8 goblins
  6 hobgoblins
  7 kobolds
  5 quokkas
  4 bats (D:1)
  5 frilled lizards
  5 goblin zombies (Ossuary)
  2 hobgoblin zombies (Ossuary)
  2 kobold zombies (Ossuary)
  2 orc zombies (D:5)
  4 quokka zombies (Ossuary)
  4 rats
  2 rat zombies (Ossuary)
113 creatures vanquished.

Vanquished Creatures (collateral kills)
  Natasha (D:2)
1 creature vanquished.

Grand Total: 114 creatures vanquished

Notes
Turn   | Place    | Note
-------+----------+-------------------------------------------
     0 | D:1      | Sabo the Demonspawn Monk began the quest for the Orb.
     0 | D:1      | Reached XP level 1. HP: 18/18 MP: 1/1
   202 | D:1      | Gained mutation: You have an unusually large brain. (Int
                  | +2) [demonic ancestry]
   202 | D:1      | Reached XP level 2. HP: 24/24 MP: 2/2
   357 | D:1      | Reached skill level 3 in Axes
   703 | D:1      | Gained mutation: A weak demonic guardian rushes to your
                  | aid. [demonic ancestry]
   703 | D:1      | Reached XP level 3. HP: 25/29 MP: 3/3
  1311 | D:2      | Noticed Natasha
  1338 | D:2      | Killed Natasha
  1590 | D:2      | Noticed Natasha
  1777 | D:2      | Killed Natasha
  1778 | D:2      | Reached XP level 4. HP: 25/35 MP: 4/4
  1809 | D:2      | Noticed Natasha
  1825 | D:2      | Killed Natasha
  1826 | D:2      | Reached skill level 1 in Armour
  2157 | D:3      | You fall into a shaft and drop 2 floors!
  2157 | D:5      | Entered Level 5 of the Dungeon
  2177 | D:5      | Gained mutation: You have an extremely huge brain. (Int +4)
                  | [demonic ancestry]
  2177 | D:5      | Reached XP level 5. HP: 22/42 MP: 5/5
  2185 | D:5      | Reached skill level 4 in Axes
  2651 | D:5      | Gained mutation: You regenerate magic rapidly. [demonic
                  | ancestry]
  2651 | D:5      | Reached XP level 6. HP: 45/48 MP: 6/6
  2715 | D:5      | Found a sand-covered staircase.
  2731 | D:5      | Reached skill level 5 in Axes
  2734 | Ossuary  | Entered an ossuary
  3103 | Ossuary  | Gained mutation: A demonic guardian rushes to your aid.
                  | [demonic ancestry]
  3103 | Ossuary  | Reached XP level 7. HP: 52/54 MP: 7/7
  3882 | D:3      | Identified the +4 dagger of Quocziass {chaos, Stlth+}
  4605 | D:3      | Reached skill level 6 in Axes
  5407 | D:4      | Noticed Menkaure
  5408 | D:4      | Noticed Edmund
  5463 | D:4      | Reached skill level 1 in Stealth
  6004 | D:4      | Noticed Duvessa
  6004 | D:4      | Noticed Dowan
  6019 | D:4      | Killed Dowan
  6023 | D:4      | Mangled by Duvessa

Illustrated notes

Levels and vault maps discovered:
D:1:      giann_wishing_wells, layout_basic
D:2:      layout_loops_ring, uniq_natasha
D:3:      minmay_inner_zag, layout_rooms, serial_co_window_serial,
          co_window_paths_b, co_window_paths_a, co_window_corner_a,
          co_window_paths_a, co_window_of_opportunity_a, co_window_corner_b,
          co_window_corner_cb, co_window_broadway_b, co_window_of_opportunity_c,
          co_window_corner_ca, co_window_unsneaky_path_a,
          co_window_unsneaky_path_a, glass_columns_a, glass_columns_a,
          glass_columns_c
D:4:      layout_basic, minitemple, kennysheep_generic_room_2, uniq_menkaure,
          uniq_edmund, uniq_duvessa
D:5:      layout_cave_pools, nicolae_ossuary_entry_catacombs

Skill      XL: |  1  2  3  4  5  6  7 |
---------------+----------------------+-----
Axes           | 3 4 5 6 |  6.5
Dodging        | 3 |  3.9
Armour         | 1 2 3 |  3.0
Fighting       | 4 |  4.7
Stealth        | 1 |  1.0

Action                     |  1- 3 |  4- 6 |  7- 9 || total
---------------------------+-------+-------+-------++-------
  Melee: Hand axe          |    91 |   188 |   187 ||   466
         Unarmed           |       |       |    14 ||    14
         Flail             |       |       |     2 ||     2
    Use: Scroll            |       |     2 |     9 ||    11
         Potion            |       |       |     1 ||     1
 Armour: Ring mail         |    30 |       |       ||    30
         Robe              |     1 |       |       ||     1
         Scale mail        |    22 |    53 |       ||    75
         Chain mail        |       |    75 |   109 ||   184
  Dodge: Dodged            |    86 |    78 |    86 ||   250
